 Dungeon Crawl Stone Soup version 0.27-a0-291-gd9602db6ee (webtiles) character file.

Game seed: 17326721229038749498

194 Leibowitz the Poker (level 5, -5/41 HPs)
             Began as a Merfolk Gladiator on Feb 9, 2021.
             Killed from afar by a steam dragon (6 damage)
             ... with a ball of steam
             ... on level 4 of the Dungeon.
             The game lasted 00:05:02 (3415 turns).

Leibowitz the Poker (Merfolk Gladiator)             Turns: 3415, Time: 00:05:02

Health: -5/41      AC:  5    Str: 14    XL:     5   Next: 73%
Magic:  5/5        EV: 14    Int:  8    God:
Gold:   235        SH:  0    Dex: 16    Spells: 4/4 levels left

rFire    + . .     SeeInvis +   a - +0 trident
rCold    . . .     Faith    .   (no shield)
rNeg     . . .     Spirit   .   b - +0 leather armour
rPois    .         Reflect  .   c - +0 helmet
rElec    .         Harm     .   (no cloak)
rCorr    .         Rampage  .   (no gloves)
Will     .....                  u - +0 pair of boots
Stlth    +.........             (no amulet)
HPRegen  0.13/turn              o - ring of protection from fire
MPRegen  0.09/turn              p - ring of see invisible

@: no status effects
A: change form in water, swift swim, stealthy swim
a: no special abilities


You were on level 4 of the Dungeon.
You visited 1 branch of the dungeon, and saw 4 of its levels.

You collected 235 gold pieces.

Inventory:

Hand Weapons
 a - a +0 trident (weapon)
Missiles
 d - 3 throwing nets (quivered)
Armour
 b - a +0 leather armour (worn)
 c - a +0 helmet (worn)
 u - a +0 pair of boots (worn)
Jewellery
 o - a ring of protection from fire (left hand)
 p - a ring of see invisible (right hand)
 t - an uncursed ring of fire
Wands
 s - a wand of paralysis (10)
 v - a wand of acid (5)
 x - a wand of polymorph (8)
Scrolls
 e - a scroll of blinking {unknown}
 g - a scroll of fear {unknown}
 i - a scroll of teleportation {unknown}
 l - 4 scrolls of identify {unknown}
 n - a scroll of remove curse {unknown}
 q - 3 scrolls of magic mapping {unknown}
 r - 2 scrolls of immolation {unknown}
 w - a scroll of amnesia {unknown}
Potions
 f - a potion of heal wounds {unknown}
 h - a potion of brilliance {unknown}
 j - 5 potions of curing {unknown}
 k - 2 potions of flight {unknown}
 m - a potion of invisibility {unknown}


   Skills:
 * Level 3.3 Fighting
 * Level 6.8 Polearms
 - Level 2.0 Throwing
 * Level 1.4 Armour
 * Level 4.9 Dodging


You had 4 spell levels left.
You didn't know any spells.
Your spell library was empty.

Dungeon Overview and Level Annotations

Branches:
Dungeon (4/15)
 Temple: D:4-7

Altars:
Elyvilon
Yredelemnul


Message History

The quokka barely misses you. The steam dragon breathes steam at you.
The ball of steam hits you. You resist.
* * * LOW HITPOINT WARNING * * *
The ball of steam hits the quokka!
The quokka dies!
You hit the steam dragon but do no damage.
The steam dragon is severely wounded.
The steam dragon breathes steam at you. The ball of steam hits you. You resist.
* * * LOW HITPOINT WARNING * * *
You hit the steam dragon.
The steam dragon is almost dead.
The steam dragon misses you. The steam dragon claws you.
* * * LOW HITPOINT WARNING * * *
You closely miss the steam dragon.
The steam dragon is almost dead.
The steam dragon breathes steam at you. The ball of steam hits you. You resist.
You die...

#### #.# ..#
#....####.#
.....SD@ยง<#
##..#####.#
#(# #.# #.#
#(# #.. ...


You could see a steam dragon (catching breath) and an adder.

Vanquished Creatures
  A bullfrog (D:2)
  Natasha (thrice) (D:3)
  An adder (D:3)
  An ooze (D:1)
  A dart slug (D:1)
  A leopard gecko (D:2)
  2 orcs (D:3)
  A giant cockroach (D:2)
  2 goblins (D:1)
  5 hobgoblins
  4 jackals (D:2)
  2 quokkas (D:3)
  7 bats
  2 frilled lizards
  5 kobolds
  6 rats
44 creatures vanquished.

Vanquished Creatures (others)
  A quokka (D:4)
1 creature vanquished.

Grand Total: 45 creatures vanquished

Notes
Turn   | Place    | Note
-------+----------+-------------------------------------------
     0 | D:1      | Leibowitz the Merfolk Gladiator began the quest for the
                  | Orb.
     0 | D:1      | Reached XP level 1. HP: 16/16 MP: 1/1
   409 | D:1      | Reached XP level 2. HP: 9/22 MP: 2/2
  1221 | D:1      | Reached skill level 5 in Polearms
  1649 | D:1      | Reached XP level 3. HP: 28/28 MP: 3/3
  2157 | D:2      | Noticed a bullfrog
  2170 | D:2      | Killed a bullfrog
  2171 | D:2      | Reached skill level 6 in Polearms
  2171 | D:2      | Reached skill level 1 in Armour
  2171 | D:2      | Reached XP level 4. HP: 17/34 MP: 4/4
  2489 | D:2      | Found a white marble altar of Elyvilon.
  2736 | D:3      | Found a basalt altar of Yredelemnul.
  2949 | D:3      | Noticed Natasha
  2958 | D:3      | Killed Natasha
  2959 | D:3      | Reached XP level 5. HP: 36/41 MP: 5/5
  3156 | D:3      | Noticed Natasha
  3169 | D:3      | Killed Natasha
  3383 | D:3      | Noticed Natasha
  3385 | D:3      | Killed Natasha
  3397 | D:4      | Noticed a steam dragon
  3397 | D:4      | an adder changed into a steam dragon
  3414 | D:4      | HP: 1/41 [steam dragon (2)]
  3415 | D:4      | Killed from afar by a steam dragon

Illustrated notes

Levels and vault maps discovered:
D:1:      amcnicky_arrival_choice, layout_loops_corners
D:2:      layout_loops_ring, general_overflow_altar, chequers_garden
D:3:      layout_basic, nicolae_overflow_crystal_walls, uniq_natasha
D:4:      layout_basic, gammafunk_ghost_smash, serial_shops, shop, shop_statue,
          nicolae_shop_crystal, shop, shop

Skill      XL: |  1  2  3  4 |
---------------+-------------+-----
Polearms       | 5 6 |  6.8
Armour         | 1 |  1.4
Fighting       | 3 |  3.3
Throwing       | |  2.0
Dodging        | |  4.9

Action                   |  1- 3 |  4- 6 || total
-------------------------+-------+-------++-------
Melee: Trident           |   103 |    65 ||   168
Evoke: Wand              |       |     4 ||     4
 Stab: Sleeping          |     1 |       ||     1
Armor: Leather armour    |    27 |    13 ||    40
Dodge: Dodged            |    59 |    48 ||   107

Table legend: (Time is in decaauts)
 A = Elapsed time spent in this place.
 B = Non-inter-level travel time spent in this place.
 C = Inter-level travel time spent in this place.
 D = Time resting spent in this place.
 E = Time spent auto-exploring this place.
 F = Levels seen in this place.
 G = Mean time per level.
                   A        B        C        D        E       F      G
               +--------+--------+--------+--------+--------+-----+--------+
         Total |   3423 |   3335 |     88 |    636 |   2250 |   4 |  855.8 |
       Dungeon |   3423 |   3335 |     88 |    636 |   2250 |   4 |  855.8 |
               +--------+--------+--------+--------+--------+-----+--------+

Top non-repeatable levels by time:
     D:1: 1839 daAuts
     D:2: 880 daAuts
     D:3: 684 daAuts
     D:4: 19 daAuts
